 Dungeon Crawl Stone Soup version 0.24.0-13-gcf9b3192b9 (webtiles) character file.

Game seed: 4779555702146910514, levelgen mode: deterministic

233 Iamsoldier the Digger (level 6, -2/32 HPs)
             Began as a Gargoyle Earth Elementalist on Nov 8, 2019.
             Slain by a gnoll
             ... wielding a +0 flail
              (9 damage)
             ... on level 3 of the Dungeon.
             The game lasted 00:06:23 (1939 turns).

Iamsoldier the Digger (Gargoyle Earth Elementalist) Turns: 1939, Time: 00:06:23

Health: -2/32      AC: 10    Str: 11    XL:     6   Next: 4%
Magic:  1/11       EV: 12    Int: 18    God:
Gold:   52         SH:  0    Dex: 10    Spells: 8/12 levels left

rFire    . . .     SeeInvis .   e - +0 mace
rCold    . . .     Gourm    .   (no shield)
rNeg     + . .     Faith    .   c - +0 robe
rPois    ∞         Spirit   .   (no helmet)
rElec    +         Reflect  .   (no cloak)
rCorr    .         Harm     .   (no gloves)
MR       .....                  (no boots)
Stlth    ++........             k - amulet of magic regeneration
HPRegen  0.10/turn              q - +4 ring of protection
MPRegen  0.37/turn              (no ring)

@: no status effects
A: negative energy resistance 1, electricity resistance, unbreathing,
petrification resistance, rot immunity, AC +4
a: no special abilities


You were on level 3 of the Dungeon.
You were not hungry.

You visited 1 branch of the dungeon, and saw 4 of its levels.

You collected 52 gold pieces.

Inventory:

Hand Weapons
 e - a +0 mace (weapon)
Missiles
 b - 213 stones (quivered)
Armour
 c - a +0 robe (worn)
Jewellery
 i - an uncursed amulet of guardian spirit
 k - an amulet of magic regeneration (around neck)
 q - a +4 ring of protection (left hand)
Scrolls
 a - a scroll of fear {unknown}
 f - 2 scrolls of identify
 g - a scroll of amnesia {unknown}
 m - a scroll of remove curse {unknown}
 n - a scroll of magic mapping {unknown}
 o - a scroll of immolation {unknown}
Potions
 d - a potion of curing {unknown}
 h - a potion of haste {unknown}
 j - 2 potions of might {unknown}
 l - a potion of degeneration {unknown}
 r - 2 potions of brilliance {unknown}
Comestibles
 p - 9 chunks of flesh


   Skills:
 - Level 1.5 Dodging
 - Level 2.1 Stealth
 + Level 3.7 Spellcasting
 + Level 2.9 Conjurations
   Level 0.7 Transmutations
 + Level 5.5 Earth Magic


You had 8 spell levels left.
You knew the following spells:

 Your Spells              Type           Power        Failure   Level  Hunger
a - Sandblast             Erth           ###...       1%          1    None
b - Stone Arrow           Conj/Erth      ###...       8%          3    ###....

Your spell library contained the following spells:

 Spells                   Type           Power        Failure   Level  Hunger
 Passwall                 Tmut/Erth      ##......     6%          2    ##.....
 Petrify                  Tmut/Erth      ##......     38%         4    ####...
 Lee's Rapid Deconstruct  Erth           ###.......   38%         5    ######.


Dungeon Overview and Level Annotations

Branches:
Dungeon (4/15)
 Temple: D:4-7

Altars:
Fedhas


Innate Abilities, Weirdness & Mutations

You are resistant to torment.
Your stone body is resilient. (AC +4)
You are immune to poison.
You resist negative energy. (rN+)
You are resistant to electric shocks. (rElec)
You can survive without breathing.
You are immune to petrification.
You are immune to rotting.


Message History

The gnoll hits you with a +0 flail.
* * * LOW HITPOINT WARNING * * *
There is an open door here.
Casting: Sandblast (safe; 1% risk of failure)
Confirm with . or Enter, or press ? or * to list all spells.
Aiming: Sandblast (safe; 1% risk of failure)
Press: ? - help, Shift-Dir - straight line, f/p - gnoll
Aim: a gnoll, wielding a +0 flail The blast of sand hits the gnoll!
The gnoll is heavily wounded.
b - 214 stones
Casting: Sandblast (safe; 1% risk of failure)
Confirm with . or Enter, or press ? or * to list all spells.
Aiming: Sandblast (safe; 1% risk of failure)
Press: ? - help, Shift-Dir - straight line, f/p - gnoll
Aim: a gnoll, wielding a +0 flail (heavily wounded)
The blast of sand misses the gnoll.
b - 213 stones The gnoll hits you with a +0 flail!
You die...

####################
#....#.......#.....#
#....#....)..'......
##....#########......
#......#...).........
+......'....)).....).
#......#......)......
##..@g#########......
#....#......))......
#....#......)#.....#
#####')################
≈≈≈≈....).≈≈≈≈≈≈≈≈≈≈≈≈≈≈
≈≈≈≈.....≈≈≈≈≈≈≈≈≈≈≈≈≈≈≈
≈≈≈≈.....≈≈))≈≈≈≈≈≈≈≈≈≈≈
≈≈≈≈.......)).≈≈≈.≈≈.≈≈.
............).).........


You could see a gnoll.

Vanquished Creatures
  A big kobold (D:3)
  A crimson imp (D:3)
  2 adders
  4 gnolls (D:3)
  A worm (D:2)
  3 dart slugs
  A leopard gecko (D:1)
  2 ball pythons (D:1)
  3 giant cockroaches (D:1)
  17 goblins
  8 hobgoblins
  9 kobolds
  8 bats
  2 frilled lizards (D:1)
  4 rats
66 creatures vanquished.

Notes
Turn   | Place    | Note
-------+----------+-------------------------------------------
     0 | D:1      | Iamsoldier the Gargoyle Earth Elementalist began the quest
                  | for the Orb.
     0 | D:1      | Reached XP level 1. HP: 10/10 MP: 3/3
   208 | D:1      | Reached XP level 2. HP: 15/15 MP: 5/5
   252 | D:1      | Reached skill level 4 in Earth Magic
   903 | D:1      | Reached XP level 3. HP: 13/19 MP: 3/6
   908 | D:1      | Learned a level 3 spell: Stone Arrow
  1417 | D:2      | Reached skill level 1 in Conjurations
  1426 | D:2      | You fall into a shaft and drop 2 floors!
  1426 | D:4      | Found a blossoming altar of Fedhas.
  1464 | D:3      | Reached XP level 4. HP: 24/24 MP: 5/8
  1798 | D:3      | Reached skill level 5 in Earth Magic
  1841 | D:3      | Reached XP level 5. HP: 22/28 MP: 5/9
  1902 | D:3      | Noticed a big kobold
  1931 | D:3      | Killed a big kobold
  1931 | D:3      | Reached XP level 6. HP: 11/32 MP: 1/11
  1939 | D:3      | Slain by a gnoll

Levels and vault maps discovered:
D:1:      nzn_arrival_depleted_hourglass, layout_rooms, minmay_hedge_maze
D:2:      layout_rooms, nicolae_dithmenos_shadow_blocks,
          hangedman_abyss_or_decor_stabs
D:3:      minmay_goblin_kobold_castle, layout_basic, first_ration, uniq_natasha,
          uniq_jessica
D:4:      layout_rooms, fedhas_altar_1, vehumet_statue, hex_large

Skill      XL: |  1  2  3  4  5 |
---------------+----------------+-----
Earth Magic    | 4 5 |  5.5
Conjurations   | 1 2 |  2.9
Spellcasting   | 3 |  3.7
Dodging        | |  1.5
Stealth        | |  2.1
Transmutations | |  0.7

Action                   |  1- 3 |  4- 6 || total
-------------------------+-------+-------++-------
Melee: Unarmed           |    12 |       ||    12
       Mace              |    58 |    49 ||   107
 Cast: Sandblast         |    26 |    31 ||    57
       Stone Arrow       |       |     2 ||     2
  Use: Scroll            |     1 |       ||     1
 Stab: Sleeping          |     1 |     1 ||     2
  Eat: Ration            |     1 |       ||     1
Armor: Robe              |    31 |    54 ||    85
Dodge: Dodged            |    78 |    98 ||   176
